 Dungeon Crawl Stone Soup version 0.21.1-1-g345015fe64 (webtiles) character file.

8 Nordon the Vexing (level 2, 21/21 HPs)
             Began as a Demonspawn Arcane Marksman on June 27, 2018.
             Quit the game on level 1 of the Dungeon.
             The game lasted 00:00:23 (16 turns).

Nordon the Vexing (Demonspawn Arcane Marksman)        Turns: 16, Time: 00:00:24

Health: 21/21      AC:  2    Str: 10    XL:     2   Next: 0%
Magic:  3/3        EV: 12    Int: 14    God:
Gold:   0          SH:  0    Dex: 13    Spells: 2/3 levels left

rFire    . . .     SeeInvis .   a - +0 hand crossbow
rCold    . . .     Gourm    .   (no shield)
rNeg     . . .     Faith    .   e - +0 robe
rPois    .         Spirit   +   (no helmet)
rElec    .         Reflect  .   (no cloak)
rCorr    .         Harm     .   (no gloves)
MR       .....                  (no boots)
Stlth    +.........             (no amulet)
HPRegen  0.07/turn              (no ring)
MPRegen  0.08/turn              (no ring)

@: no status effects
A: magic shield
a: no special abilities


You were on level 1 of the Dungeon.
You were not hungry.

You visited 1 branch of the dungeon, and saw 1 of its levels.


Innate Abilities, Weirdness & Mutations

When hurt, damage is shared between your health and your magic reserves.


   Skills:
 - Level 1.0 Fighting
 + Level 2.5 Crossbows
 - Level 1.7 Dodging
 - Level 1.0 Spellcasting
 - Level 3.0 Hexes


You had 2 spell levels left.
You knew the following spells:

 Your Spells              Type           Power        Failure   Level  Hunger
z - Corona                Hex            #......      8%          1    ##.....

Inventory:

Hand Weapons
 a - a +0 hand crossbow (weapon)
Missiles
 d - 14 bolts (quivered)
Armour
 e - a +0 robe (worn)
Books
 c - a book of Debilitation

   Spells                             Type                      Level
   a - Corona                         Hexes                        1
   b - Slow                           Hexes                        2
   c - Inner Flame                    Hexes/Fire                   3
   d - Portal Projectile              Hexes/Translocation          3
   e - Cause Fear                     Hexes                        4
   f - Leda's Liquefaction            Hexes/Earth                  4
Comestibles
 f - a ration {@e1}

Dungeon Overview and Level Annotations

Branches:
Dungeon (1/15)

Altars:

##.# ..# #####.# #
........###.## #
.............# #. ...
#...##.###.. #.. ...
#........... ..#
#.###......#
#.##.##.###@..#
#.#.#.###....(....
...###...###.....#....
.......<......(..# #.#
...###...###...†.# #
#.#.#.###..(s#
#.##.##.###...# ..#
#.# #....(.. #.. ...
...


You could see a giant cockroach.


Message History

The leopard gecko hisses angrily.
The leopard gecko is almost dead.
A kobold comes into view. It is wielding a dagger.
Firing (i - inventory):
d - 18 bolts (quivered)
Press: ? - help, Shift-Dir - straight line, f/p - leopard gecko
Aim: a leopard gecko (almost dead)
You shoot a bolt.
The bolt barely misses the leopard gecko.
The kobold shouts!
A frilled lizard comes into view.
Firing (i - inventory):
d - 17 bolts (quivered)
Press: ? - help, Shift-Dir - straight line, f/p - leopard gecko
Aim: a leopard gecko (almost dead)
You shoot a bolt. The bolt hits the leopard gecko!
You kill the leopard gecko!
Firing (i - inventory):
d - 16 bolts (quivered)
Press: ? - help, Shift-Dir - straight line, f - frilled lizard
Aim: a frilled lizard You shoot a bolt.
The bolt hits the frilled lizard!
You kill the frilled lizard!
A giant cockroach comes into view.
Firing (i - inventory):
d - 15 bolts (quivered)
Press: ? - help, Shift-Dir - straight line, f - kobold
Aim: a kobold, wielding a dagger You shoot a bolt.
The bolt hits the kobold!
You kill the kobold!
You have reached level 2!
Your demonic ancestry asserts itself...
You feel your magical essence form a protective shroud around your flesh.
Are you sure you want to abandon this character and quit the game? (Confirm with "yes".)

Skill      XL: |  1 |
---------------+----+-----
Crossbows      | 2 |  2.5
Fighting       | |  1.0
Dodging        | |  1.7
Spellcasting   | |  1.0
Hexes          | |  3.0

Action                   || total
-------------------------++-------
 Fire: Hand crossbow     ||     7

Vault maps used:
D:1:      roderic_crossed_star, hangedman_abyss_or_decor_stabs,
          minmay_misc_feat_iff

Notes
Turn   | Place    | Note
-------+----------+-------------------------------------------
     0 | D:1      | Nordon the Demonspawn Arcane Marksman began the quest for the Orb.
     0 | D:1      | Reached XP level 1. HP: 15/15 MP: 2/2
     4 | D:1      | Reached skill level 2 in Crossbows
    15 | D:1      | Gained mutation: When hurt, damage is shared between your health and your magic reserves. [demonic ancestry]
    15 | D:1      | Reached XP level 2. HP: 21/21 MP: 3/3
    16 | D:1      | Quit the game

Vanquished Creatures
  An ooze (D:1)
  A leopard gecko (D:1)
  A frilled lizard (D:1)
  A kobold (D:1)
4 creatures vanquished.

Table legend:
 A = Turns spent in this place as a percentage of turns spent in the entire game.
 B = Non-inter-level travel turns spent in this place as a percentage of non-inter-level travel turns spent in the entire game.
 C = Inter-level travel turns spent in this place as a percentage of turns spent in this place.
 D = Turns resting spent in this place as a percentage of non-inter-level travel turns spent in this place.
 E = Turns spent auto-exploring this place as a percentage of non-inter-level travel turns spent in this place.
 F = Non-inter-level travel turns spent in this place divided by the number of levels of this place that you've seen.
                   A       B       C       D       E      F
               +-------+-------+-------+-------+-------+----------------------
         Total | 100.0 | 100.0 |   0.0 |   0.0 |  43.8 |  16.0
       Dungeon | 100.0 | 100.0 |   0.0 |   0.0 |  43.8 |  16.0
               +-------+-------+-------+-------+-------+----------------------

Table legend:
 A = Spawn XP
 B = Non-spawn XP
 C = Spawn XP percentage of total XP
 D = Spawn monster count
 E = Non-spawn monster count
 F = Spawn count percentage of total count
 G = Total turns spent on level
                    A         B        C        D         E        F      G
               +---------+---------+-------+---------+---------+-------+---------
         Total |       0 |      12 |   0.0 |       0 |       4 |   0.0 |    16
               +---------+---------+-------+---------+---------+-------+---------
           D:1 |       0 |      12 |   0.0 |       0 |       4 |   0.0 |    16
               +---------+---------+-------+---------+---------+-------+---------
